 Dungeon Crawl Stone Soup version 0.28-a0-1167-g616b1c6417 (webtiles) character file.

Game seed: 5134437101629301575

89 LadyOphelia the Skirmisher (level 4, -7/41 HPs)
             Began as a Minotaur Berserker on Dec 16, 2021.
             Was a Believer of Trog.
             Mangled by a gnoll (16 damage)
             ... on level 3 of the Dungeon.
             The game lasted 00:01:57 (2287 turns).

LadyOphelia the Skirmisher (Minotaur Berserker)     Turns: 2287, Time: 00:01:57

Health: -7/41      AC:  2    Str: 24    XL:     4   Next: 31%
Magic:  3/3        EV: 12    Int:  4    God:    Trog [**....]
Gold:   59         SH:  0    Dex:  9    Spells: 3/3 levels left

rFire   . . .      SeeInvis .   a - +0 hand axe
rCold   . . .      Faith    .   (no shield)
rNeg    . . .      Spirit   .   b - +0 animal skin
rPois   .          Reflect  .   (helmet restricted)
rElec   .          Harm     .   (no cloak)
rCorr   .          Rampage  .   (no gloves)
Will    .....                   (no boots)
Stlth   +.........              (no amulet)
HPRegen 0.13/turn               (no ring)
MPRegen 0.08/turn               (no ring)

@: no status effects
A: horns 2, retaliatory headbutt
a: Renounce Religion, Berserk, Trog's Hand


You were on level 3 of the Dungeon.
You worshipped Trog.
Trog was pleased with you.
You visited 1 branch of the dungeon, and saw 3 of its levels.

You collected 59 gold pieces.

Inventory:

Hand Weapons
 a - a +0 hand axe (weapon)
Armour
 b - a +0 animal skin (worn)
Jewellery
 c - a ring of magical power
Scrolls
 d - a scroll of torment {unknown}
 e - a scroll of teleportation {unknown}
 f - 3 scrolls of identify {unknown}
 g - a scroll of noise {unknown}
 h - a scroll of fear {unknown}


   Skills:
 + Level 4.4 Fighting
 + Level 4.4 Axes
 + Level 3.4 Armour
 + Level 3.1 Dodging


You had 3 spell levels left.
You didn't know any spells.
Your spell library was empty.

Dungeon Overview and Level Annotations

Branches:
Dungeon (3/15)

Altars:
Nemelex Xobeh


Innate Abilities, Weirdness & Mutations

You have a pair of horns on your head.
You reflexively headbutt those who attack you in melee.


Message History

You kill the giant cockroach!
Trog accepts your kill.
You see here a giant cockroach corpse.
f - 3 scrolls labelled ITTAHAF KOUSCH (gained 1)
You now have 59 gold pieces (gained 9).
Found 3 javelins.
A gnoll comes into view. It is wielding a +0 spear.
The gnoll shouts!
A gnoll comes into view. It is wielding a +0 flail.
There are monsters nearby!
There are monsters nearby!
A gnoll comes into view. It is wielding a +0 club.
The gnoll shouts!
The gnoll hits you from afar with a +0 spear.
A gnoll comes into view. It is wielding a +0 halberd.
The gnoll closely misses you.
You barely miss the gnoll.
The gnoll shouts!
You headbutt the gnoll, but do no damage.
The gnoll hits you with a +0 spear.
You hit the gnoll.
The gnoll is lightly wounded.
The gnoll hits you with a +0 spear.
You hit the gnoll.
The gnoll is heavily wounded.
The gnoll hits you with a +0 spear!
You closely miss the gnoll.
The gnoll is heavily wounded.
You hit the gnoll but do no damage. The gnoll closely misses you.
The gnoll hits you but does no damage.
You slash the gnoll!
You kill the gnoll!
Trog accepts your kill.
You hit the gnoll. The gnoll hits you with a +0 halberd!
* * * LOW HITPOINT WARNING * * *
You hit the gnoll. Your headbutt misses the gnoll.
The gnoll is lightly wounded.
You hit the gnoll but do no damage. The gnoll closely misses you.
The gnoll hits you with a +0 halberd!
You die...

...................
..........#.#######
..........#..#
..........##.##
.......... #..#
..........###.#####.##
[.....................
..........###..####.###.
................@gg.....
...........##..g###.###.
.......... #.#...
######### #.#..## #.#...
#.#...# ..#.#.. ###.#.#.


You could see 3 gnolls.

Vanquished Creatures
  Jessica (D:2)
  A gnoll (D:3)
  An adder (D:2)
  2 orcs
  3 bats
  An endoplasm (D:1)
  5 giant cockroaches
  2 hobgoblins (D:1)
  4 jackals (D:2)
  3 kobolds
  2 quokkas (D:1)
  3 frilled lizards (D:1)
  7 goblins
  4 rats
39 creatures vanquished.

Notes
Turn   | Place    | Note
-------+----------+-------------------------------------------
     0 | D:1      | LadyOphelia the Minotaur Berserker began the quest for the
                  | Orb.
     0 | D:1      | Reached XP level 1. HP: 19/19 MP: 0/0
   313 | D:1      | Reached XP level 2. HP: 22/27 MP: 1/1
   523 | D:1      | Found a faded altar of an unknown god.
  1209 | D:2      | Noticed Jessica
  1219 | D:2      | Killed Jessica
  1220 | D:2      | Reached XP level 3. HP: 7/33 MP: 2/2
  1893 | D:2      | Reached XP level 4. HP: 36/41 MP: 3/3
  2189 | D:3      | Found a sparkling altar of Nemelex Xobeh.
  2198 | D:3      | Reached ** piety under Trog
  2287 | D:3      | Mangled by a gnoll

Illustrated notes

Levels and vault maps discovered:
D:1:      giann_horns, layout_loops_ring, dreamdust_ecumenical_altar_statues
D:2:      layout_loops_corners, hangedman_abyss_or_decor_lesser_grid,
          uniq_jessica
D:3:      layout_basic, grunt_temple_overflow_diamond,
          nemelex_xobeh_ov_fountains_minmay, minmay_hedge_maze

Skill      XL: |  1  2  3 |
---------------+----------+-----
Fighting       | 4 |  4.4
Axes           | 4 |  4.4
Armour         | 3 |  3.4
Dodging        | 3 |  3.1

Action                   |  1- 3 |  4- 6 || total
-------------------------+-------+-------++-------
Melee: Hand axe          |    63 |    14 ||    77
       Headbutt          |     7 |     4 ||    11
Armor: Animal skin       |    15 |     1 ||    16
Dodge: Dodged            |    49 |     7 ||    56

Table legend: (Time is in decaauts)
 A = Elapsed time spent in this place.
 B = Non-inter-level travel time spent in this place.
 C = Inter-level travel time spent in this place.
 D = Time resting spent in this place.
 E = Time spent auto-exploring this place.
 F = Levels seen in this place.
 G = Mean time per level.
                   A        B        C        D        E       F      G
               +--------+--------+--------+--------+--------+-----+--------+
         Total |   2293 |   2218 |     75 |    235 |   1687 |   3 |  764.3 |
       Dungeon |   2293 |   2218 |     75 |    235 |   1687 |   3 |  764.3 |
               +--------+--------+--------+--------+--------+-----+--------+

Top non-repeatable levels by time:
     D:2: 1147 daAuts
     D:1: 1034 daAuts
     D:3: 111 daAuts
